 Dungeon Crawl Stone Soup version 0.21.1-1-g345015fe64 (webtiles) character file.

2006 Lentor the Carver (level 9, -4/121 HPs)
             Began as a Minotaur Berserker on June 20, 2018.
             Was a Priest of Trog.
             Slain by an earth elemental (21 damage)
             ... summoned by a deep elf mage
             ... on level 6 of the Dungeon.
             The game lasted 00:09:19 (4485 turns).

Lentor the Carver (Minotaur Berserker)              Turns: 4485, Time: 00:09:21

Health: -4/121     AC: 16    Str: 31    XL:     9   Next: 2%
Magic:  8/8        EV:  4    Int:  4    God:    Trog [***...]
Gold:   303        SH: 14    Dex:  9    Spells: 8/8 levels left

rFire    . . .     SeeInvis .   a - +0 falchion
rCold    . . .     Gourm    .   w - +0 large shield
rNeg     . . .     Faith    .   l - +0 plate armour
rPois    .         Spirit   .   (helmet restricted)
rElec    .         Reflect  .   g - +0 cloak
rCorr    .         Harm     .   u - +0 pair of gloves
MR       .....                  (no boots)
Stlth    ..........             (no amulet)
HPRegen  0.30/turn              (no ring)
MPRegen  0.11/turn              (no ring)

@: berserking, very quick
A: retaliatory headbutt, horns 2
a: Berserk, Trog's Hand, Burn Spellbooks, Renounce Religion


You were on level 6 of the Dungeon.
You worshipped Trog.
Trog was most pleased with you.
You were very hungry.

You visited 2 branches of the dungeon, and saw 7 of its levels.

You collected 303 gold pieces.

Inventory:

Hand Weapons
 a - a +0 falchion (weapon)
Armour
 g - a +0 cloak (worn)
 l - a +0 plate armour (worn)
 t - a +2 scale mail of fire resistance
 u - a +0 pair of gloves (worn)
 w - a +0 large shield (worn)
Jewellery
 h - a +3 ring of intelligence {unknown}
 n - an uncursed ring of fire {unknown}
 q - an uncursed ring of magical power {unknown}
Wands
 v - a wand of disintegration (15)
Scrolls
 b - a scroll of amnesia {unknown}
 f - 13 scrolls of identify {unknown}
 j - 4 scrolls of teleportation {unknown}
 k - 4 scrolls of enchant weapon {unknown}
 p - a scroll of magic mapping {unknown}
 r - 3 scrolls of enchant armour {unknown}
 x - a scroll of random uselessness {unknown}
Potions
 d - 3 potions of heal wounds {unknown}
 e - a potion of flight {unknown}
 i - a potion of resistance {unknown}
 m - 3 potions of curing {unknown}
 o - 2 potions of ambrosia {unknown}
 s - 2 potions of agility {unknown}
 z - a potion of degeneration {unknown}
 A - a potion of lignification {unknown}
Comestibles
 c - 7 rations


   Skills:
 + Level 8.0 Fighting
 + Level 10.0 Long Blades
 + Level 7.6 Armour
 + Level 3.1 Dodging
 + Level 0.4 Stealth
 + Level 1.1 Shields


You had 8 spell levels left.
You didn't know any spells.

Dungeon Overview and Level Annotations

Branches:
Dungeon (6/15)             Temple (1/1) D:6

Altars:
Cheibriados
Dithmenos
Fedhas
Gozag
Hepliaklqana
Kikubaaqudgha
Makhleb
Nemelex Xobeh
Okawaru
Ru
Sif Muna
Vehumet
Wu Jian
Xom
Yredelemnul
Zin
The Shining One


Innate Abilities, Weirdness & Mutations

You reflexively headbutt those who attack you in melee.
You have a pair of horns on your head.


Message History

There is an open gate here.
You miss the deep elf mage. Your headbutt misses the deep elf mage.
The deep elf mage hits you but does no damage.
The earth elemental hits you!
Your shield and plate armour prevent you from hitting the deep elf mage.
Your headbutt misses the deep elf mage. You block the deep elf mage's attack.
You hit the deep elf mage but do no damage.
Your headbutt misses the deep elf mage. The earth elemental hits you!!
Your shield prevents you from hitting the deep elf mage.
The deep elf mage casts a spell.
The deep elf mage hits you but does no damage.
You barely miss the deep elf mage. You block the earth elemental's attack.
A red film seems to cover your vision as you go berserk!
You feel yourself moving faster!
You feel mighty!
You are feeling very hungry.
The deep elf mage points at you and mumbles some strange words.
The bolt of magma hits you!
* * * LOW HITPOINT WARNING * * *
The earth elemental hits you!!
You die...

........[..pp##...
####.#..P.P....... .......
#.....>...##... ##........
#....P.P.###... ........8###
#+++#........# #... ............
+$?.#...########... ............
+...#..>#..<...'... ...........
+:Ee#p..#......#...
........8######'@E#...#......#...
.)................#...#......#...
..................#..###.....####
........###########...##......#
......................#.......#
.....††..######.......#.......#
....).†..# #........#.......#
.........# #.p......#.......#
.........# ######'########'##


You could see 2 earth elementals and a deep elf mage.

Vanquished Creatures
  Pikel (D:6)
  Grinder (D:5)
  Prince Ribbit (D:5)
  Eustachio (D:4)
  2 ogres
  An ice beast (D:5)
  2 phantoms (D:4)
  A centaur (D:5)
  A howler monkey (D:5)
  A crimson imp (D:5)
  2 hounds (D:5)
  4 orc wizards
  A centaur skeleton (D:5)
  An orc priest (D:5)
  Terence (D:3)
  An iguana (D:5)
  2 worker ants
  A howler monkey skeleton (D:6)
  3 adders
  An ooze (D:2)
  2 adder skeletons (D:4)
  2 worms
  A dart slug (D:1)
  3 leopard geckos
  11 orcs
  3 giant cockroaches
  6 goblins
  8 hobgoblins
  6 jackals
  3 kobolds
  3 quokkas
  A bat (D:3)
  4 frilled lizards
  8 rats
90 creatures vanquished.

Vanquished Creatures (others)
  A howler monkey skeleton (D:6)
  An adder (D:6)
  A quokka skeleton (D:6)
3 creatures vanquished.

Grand Total: 93 creatures vanquished

Notes
Turn   | Place    | Note
-------+----------+-------------------------------------------
     0 | D:1      | Lentor the Minotaur Berserker began the quest for the Orb.
     0 | D:1      | Reached XP level 1. HP: 19/19 MP: 0/0
    46 | D:1      | Reached XP level 2. HP: 25/27 MP: 1/1
   345 | D:1      | Reached skill level 4 in Long Blades
   971 | D:2      | Reached XP level 3. HP: 34/34 MP: 2/2
  1368 | D:2      | Reached ** piety under Trog
  1733 | D:3      | Noticed Terence
  1746 | D:3      | Killed Terence
  1746 | D:3      | Reached XP level 4. HP: 41/41 MP: 3/3
  1774 | D:3      | Reached skill level 5 in Long Blades
  2212 | D:4      | Reached XP level 5. HP: 47/47 MP: 4/4
  2221 | D:4      | Reached skill level 6 in Long Blades
  2352 | D:4      | Noticed a phantom
  2434 | D:4      | Killed a phantom
  2434 | D:4      | Reached skill level 5 in Fighting
  2434 | D:4      | Reached XP level 6. HP: 24/56 MP: 5/5
  2689 | D:4      | Reached skill level 7 in Long Blades
  2746 | D:4      | Noticed Eustachio
  2754 | D:4      | Killed Eustachio
  2754 | D:4      | Reached XP level 7. HP: 61/61 MP: 6/6
  3129 | D:5      | Entered Level 5 of the Dungeon
  3139 | D:5      | Reached *** piety under Trog
  3139 | D:5      | Reached skill level 5 in Armour
  3164 | D:5      | Reached skill level 8 in Long Blades
  3394 | D:5      | Found a blossoming altar of Fedhas.
  3433 | D:5      | Noticed Grinder
  3435 | D:5      | Paralysed by Grinder for 2 turns
  3444 | D:5      | Killed Grinder
  3444 | D:5      | Reached XP level 8. HP: 43/71 MP: 7/7
  3554 | D:5      | Reached skill level 9 in Long Blades
  3869 | D:5      | Noticed Prince Ribbit
  3877 | D:5      | Killed Prince Ribbit
  4171 | D:6      | Found a staircase to the Ecumenical Temple.
  4176 | D:6      | Noticed Pikel
  4188 | D:6      | Killed Pikel
  4188 | D:6      | Reached skill level 10 in Long Blades
  4188 | D:6      | Reached skill level 1 in Shields
  4192 | Temple   | Entered the Ecumenical Temple
  4418 | D:6      | Reached XP level 9. HP: 81/81 MP: 8/8
  4477 | D:6      | Noticed a deep elf mage
  4485 | D:6      | Slain by an earth elemental

Skill      XL: |  1  2  3  4  5  6  7  8  9 |
---------------+----------------------------+-----
Fighting       | 4 5 6 7 8 |  8.0
Long Blades    | 4 5 6 7 8 10 | 10.0
Armour         | 3 4 6 7 |  7.6
Dodging        | 3 |  3.1
Shields        | 1 |  1.1
Stealth        | |  0.4

Action                   |  1- 3 |  4- 6 |  7- 9 || total
-------------------------+-------+-------+-------++-------
Melee: Falchion          |    82 |    99 |   126 ||   307
       Headbutt          |    13 |    19 |    32 ||    64
Invok: Berserk           |     1 |     3 |     5 ||     9
       Burn Spellbooks   |       |     1 |       ||     1
  Eat: Chunk             |     2 |     6 |     7 ||    15
       Ration            |       |       |     1 ||     1
Armor: Plate armour      |    60 |    71 |    71 ||   202
Dodge: Dodged            |    38 |    40 |    24 ||   102
Block: Large shield      |       |       |    32 ||    32
       Rpst.: Falchion   |     7 |     9 |     6 ||    22
